 Dungeon Crawl Stone Soup version 0.21.1-1-g345015fe64 (webtiles) character file.

1435 Naridas the Slasher (level 8, -1/56 HPs)
             Began as an Octopode Fighter on July 17, 2018.
             Slain by an orc warrior
             ... wielding a +0 glaive
              (10 damage)
             ... on level 7 of the Dungeon.
             The game lasted 00:20:55 (6841 turns).

Naridas the Slasher (Octopode Fighter)              Turns: 6841, Time: 00:20:56

Health: -1/56      AC:  1    Str: 15    XL:     8   Next: 73%
Magic:  8/8        EV: 13    Int: 10    God:
Gold:   31         SH:  9    Dex: 14    Spells: 7/7 levels left

rFire    . . .     SeeInvis +   a - +0 long sword
rCold    . . .     Gourm    .   b - +0 shield
rNeg     . . .     Faith    .   (helmet restricted)
rPois    .         Spirit   .   (no amulet)
rElec    .         Reflect  .   e - ring of see invisible
rCorr    .         Harm     .   (no ring)
MR       .....                  (no ring)
Stlth    ++........             (no ring)
HPRegen  0.18/turn              (no ring)
MPRegen  0.11/turn              (no ring)
                                (no ring)
                                (no ring)

@: drained
A: almost no armour, stealthy swim, amphibious, 8 rings, constrict 8, camouflage
1, gelatinous body 1
a: no special abilities


You were on level 7 of the Dungeon.
You were very hungry.

You visited 1 branch of the dungeon, and saw 7 of its levels.

You collected 383 gold pieces.
You spent 352 gold pieces at shops.

Inventory:

Hand Weapons
 a - a +0 long sword (weapon)
 v - a +0 blowgun
Missiles
 u - 29 poisoned needles
Armour
 b - a +0 shield (worn)
Jewellery
 e - a ring of see invisible (left tentacle)
Wands
 B - a wand of digging (8)
 C - a wand of random effects (13)
Scrolls
 f - a scroll of teleportation
 g - a scroll of fog {unknown}
 h - 3 scrolls of remove curse
 i - 2 scrolls of enchant weapon {unknown}
 l - 2 scrolls of noise {unknown}
 m - 3 scrolls of enchant armour {unknown}
 q - a scroll of amnesia {unknown}
 t - a scroll of blinking
 y - a scroll of fear {unknown}
 A - a scroll of magic mapping {unknown}
Potions
 c - 2 potions of might
 j - 2 potions of haste
 k - 2 potions of lignification {unknown}
 n - 3 potions of invisibility
 o - 3 potions of flight
 p - 2 potions of ambrosia {unknown}
 r - 3 potions of agility
 s - 2 potions of magic {unknown}
 w - 5 potions of curing
 z - 2 potions of resistance
 D - a potion of mutation
Comestibles
 d - 11 rations


   Skills:
 + Level 5.6(5.3) Fighting
 - Level 7.4(7.1) Long Blades
 - Level 5.1(4.8) Dodging
 - Level 5.3(5.0) Shields


You had 7 spell levels left.
You didn't know any spells.

Dungeon Overview and Level Annotations

Branches:
Dungeon (7/15)
 Temple: D:4-7

Altars:
Ashenzari
Hepliaklqana
Ru
Wu Jian
Zin

Shops:
D:7 ![

Annotations:
D:6 spacerossing's ghost, novice DDHu
D:7 Dowan; Duvessa


Innate Abilities, Weirdness & Mutations

You cannot wear most types of armour.
You are very stealthy in the water. (Stealth+)
You are amphibious.
You can wear up to eight rings at the same time.
You can use your tentacles to constrict eight enemies at once.
Your skin changes colour to match your surroundings (Stealth+).
Your rubbery body absorbs attacks. (AC +1, EV +1)


Message History

You barely miss the orc warrior.
The orc warrior is lightly wounded.
You constrict the orc warrior, but do no damage.
The orc warrior hits you with a glaive!
You hit the orc warrior. You squeeze the orc warrior.
The orc warrior is moderately wounded.
You constrict the orc warrior. The orc warrior hits you with a glaive!
* * * LOW HITPOINT WARNING * * *
You hit the orc warrior. You squeeze the orc warrior.
The orc warrior is severely wounded.
You constrict the orc warrior, but do no damage.
You hit the orc warrior but do no damage.
You squeeze the orc warrior.
The orc warrior is severely wounded.
You constrict the orc warrior, but do no damage.
The orc warrior hits you with a glaive!
* * * LOW HITPOINT WARNING * * *
You feel better.
You constrict the orc warrior. The orc warrior hits you with a glaive!
You die...

####.##
###....# ##.##
####....#
##.###.....###
##......###
##...#######
#.#####...##
#.####.....#
#..#....o..##
##.......@=.#
#......†...#
##..........##
#............#
#............#
#............#
##..........##
#.........##
##.......##


You could see an orc warrior.

Vanquished Creatures
  Grinder (D:5)
  Sigmund (D:5)
  Menkaure (D:4)
  A phantom (D:7)
  An ice beast (D:5)
  2 scorpions
  A howler monkey (D:4)
  2 crimson imps
  An orc wizard (D:2)
  2 hounds (D:5)
  A bullfrog skeleton (D:6)
  An orc priest (D:3)
  Jessica (D:3)
  An iguana (D:6)
  Ijyb (D:5)
  3 worker ants
  2 howler monkey skeletons
  8 adders
  A gnoll (D:1)
  An ooze (D:1)
  An adder skeleton (D:6)
  A worm (D:3)
  7 dart slugs
  5 leopard geckos
  20 orcs
  2 ball pythons
  5 giant cockroaches
  9 goblins
  11 hobgoblins
  6 jackals
  5 quokkas
  7 bats
  7 frilled lizards
  8 kobolds
  A leopard gecko skeleton (D:7)
  15 rats
143 creatures vanquished.

Notes
Turn   | Place    | Note
-------+----------+-------------------------------------------
     0 | D:1      | Naridas the Octopode Fighter began the quest for the Orb.
     0 | D:1      | Reached XP level 1. HP: 16/16 MP: 1/1
   127 | D:1      | Reached XP level 2. HP: 19/21 MP: 2/2
   132 | D:1      | Reached skill level 3 in Long Blades
   284 | D:1      | Reached XP level 3. HP: 26/26 MP: 3/3
   704 | D:1      | Reached skill level 4 in Long Blades
  1151 | D:2      | Reached XP level 4. HP: 31/31 MP: 4/4
  1918 | D:3      | Reached skill level 5 in Long Blades
  1918 | D:3      | Reached XP level 5. HP: 36/36 MP: 5/5
  2209 | D:3      | Noticed Jessica
  2286 | D:3      | Killed Jessica
  2286 | D:3      | Reached XP level 6. HP: 41/43 MP: 6/6
  2989 | D:4      | Found an ornate altar of the Wu Jian Council.
  3198 | D:4      | Noticed Menkaure
  3202 | D:4      | Killed Menkaure
  3202 | D:4      | Reached skill level 5 in Shields
  3202 | D:4      | Reached XP level 7. HP: 34/48 MP: 7/7
  4042 | D:5      | Entered Level 5 of the Dungeon
  4080 | D:5      | Found a sacrificial altar of Ru.
  4287 | D:5      | Noticed Sigmund
  4445 | D:5      | Noticed Ijyb
  4449 | D:5      | Killed Ijyb
  4471 | D:5      | Reached skill level 5 in Dodging
  4557 | D:5      | Killed Sigmund
  4557 | D:5      | Reached skill level 6 in Long Blades
  4557 | D:5      | Reached XP level 8. HP: 29/54 MP: 8/8
  5040 | D:5      | Noticed Grinder
  5050 | D:5      | Killed Grinder
  5050 | D:5      | Reached skill level 7 in Long Blades
  5577 | D:6      | Noticed spacerossing's ghost (novice DDHu)
  5987 | D:6      | Found a shattered altar of Ashenzari.
  6131 | D:6      | Found a glowing silver altar of Zin.
  6289 | D:7      | Found Igestue's Armour Boutique.
  6308 | D:7      | Reached skill level 5 in Fighting
  6408 | D:7      | Found Bal Lano's Distillery.
  6416 | D:7      | Bought a potion of agility for 44 gold pieces
  6416 | D:7      | Bought a potion of degeneration for 11 gold pieces
  6416 | D:7      | Bought a potion of curing for 33 gold pieces
  6416 | D:7      | Bought a potion of flight for 33 gold pieces
  6416 | D:7      | Bought a potion of mutation for 88 gold pieces
  6416 | D:7      | Bought a potion of resistance for 110 gold pieces
  6416 | D:7      | Bought a potion of curing for 33 gold pieces
  6510 | D:7      | Found a hazy altar of Hepliaklqana.
  6570 | D:7      | Noticed Duvessa
  6570 | D:7      | Noticed Dowan
  6841 | D:7      | Slain by an orc warrior

Skill      XL: |  1  2  3  4  5  6  7  8 |
---------------+-------------------------+-----
Long Blades    | 3 4 5 6 7 |  7.4
Fighting       | 4 5 |  5.6
Shields        | 5 |  5.3
Dodging        | 5 |  5.1

Action                   |  1- 3 |  4- 6 |  7- 9 || total
-------------------------+-------+-------+-------++-------
Melee: Long sword        |    74 |   105 |   145 ||   324
       Constrict         |    23 |    31 |    29 ||    83
       Tentacles         |    11 |    24 |    40 ||    75
 Fire: Blowgun           |       |       |     3 ||     3
Evoke: Wand              |       |       |    14 ||    14
  Use: Scroll            |       |     4 |     4 ||     8
       Potion            |       |       |     1 ||     1
 Stab: Sleeping          |    11 |     8 |     7 ||    26
       Distracted        |       |     1 |       ||     1
       Paralysed         |       |       |     2 ||     2
  Eat: Chunk             |     1 |     6 |     7 ||    14
       Ration            |       |       |     1 ||     1
Armor: Skin              |    11 |     4 |     8 ||    23
Dodge: Dodged            |    26 |    38 |    43 ||   107
Block: Shield            |    23 |    43 |    58 ||   124
       Rpst.: Long sword |    12 |    11 |     8 ||    31
